 Dungeon Crawl Stone Soup version 0.27-a0-1434-g6f15984924 (webtiles) character file.

Game seed: 10250045324767007325

179 Nausicaa the Insei (level 5, -5/26 HPs)
             Began as a Vine Stalker Transmuter on July 3, 2021.
             Slain by an iron imp (6 damage)
             ... on level 3 of the Dungeon.
             The game lasted 00:17:51 (2314 turns).

Nausicaa the Insei (Vine Stalker Transmuter)        Turns: 2314, Time: 00:17:52

Health: -5/26      AC:  2    Str: 13      XL:     5   Next: 59%
Magic:  0/10       EV: 12    Int: 14      God:
Gold:   107        SH:  0    Dex: 18 (20) Spells: 6/10 levels left

rFire    . . .     SeeInvis .     - Unarmed
rCold    . . .     Faith    .   (no shield)
rNeg     . . .     Spirit   +   f - +0 robe
rPois    .         Reflect  .   (no helmet)
rElec    .         Harm     .   (no cloak)
rCorr    .         Rampage  .   (no gloves)
Will     .....                  (no boots)
Stlth    ++........             m - amulet of magic regeneration
HPRegen  0.00/turn              r - +6 ring of dexterity
MPRegen  0.37/turn              (no ring)

@: diseased
A: fangs 2, regeneration 1, magic shield, antimagic bite, no potion heal 2
a: no special abilities


You were on level 3 of the Dungeon.
You visited 1 branch of the dungeon, and saw 4 of its levels.

You collected 107 gold pieces.

Inventory:

Hand Weapons
 k - a +0 hunting sling
Missiles
 d - 122 stones
 j - 22 arrows
 o - 9 boomerangs
Armour
 f - a +0 robe (worn)
Jewellery
 m - an amulet of magic regeneration (around neck)
 r - a +6 ring of dexterity (left hand)
Wands
 h - a wand of charming (3)
 i - a wand of acid (11)
Scrolls
 b - a scroll of fear {unknown}
 c - a scroll of torment {unknown}
 g - a scroll of vulnerability {unknown}
 l - a scroll of blinking
 n - a scroll of enchant armour {unknown}
 q - a scroll of amnesia {unknown}
Potions
 a - a potion of heal wounds
 e - a potion of mutation {unknown}
 p - 2 potions of curing


   Skills:
 + Level 1.9 Fighting
 + Level 2.2 Dodging
 + Level 3.7 Unarmed Combat
 + Level 3.0 Spellcasting
 * Level 3.6 Transmutations


You had 6 spell levels left.
You knew the following spells:

 Your Spells              Type           Power      Damage    Failure   Level
a - Beastly Appendage     Tmut           24%        N/A       4%          1
b - Spider Form           Tmut/Pois      3%         N/A       30%         3

Your spell library contained the following spells:

 Spells                   Type           Power      Damage    Failure   Level
 Wereblood                Tmut           12%        N/A       7%          2
 Slow                     Hex            2%         N/A       32%         2
 Confusing Touch          Hex            2%         N/A       54%         3
 Ice Form                 Ice/Tmut       7%         N/A       69%         4
 Summon Ice Beast         Ice/Summ       2%         N/A       91%         4
 Yara's Violent Unravell  Hex/Tmut       3%         3d4       95%         5
 Summon Mana Viper        Hex/Summ       2%         N/A       99%         5
 Monstrous Menagerie      Summ           1%         N/A       100%        7


Dungeon Overview and Level Annotations

Branches:
Dungeon (4/15)
 Temple: D:4-7

Altars:

Portals:
Abyss: D:3

Annotations:
D:3 1 transporter, Noranon's ghost, amateur GnMo


Innate Abilities, Weirdness & Mutations

You have extremely sharp teeth.
Your natural rate of healing is unusually fast.
When hurt, damage is shared between your health and your magic reserves.
Your bite disrupts and absorbs the magic of your enemies.
Potions cannot restore your health.


Message History

Your gnoll looks sick.
Your gnoll barely misses the quasit.
The quasit barely misses you.
The quasit claws you but does no damage.
The quasit misses you.
You hit the quasit. You bite the quasit. You drain its power.
You feel invigorated.
The quasit is heavily wounded.
Your gnoll hits the quasit with a +2 whip of distortion.
The quasit blinks!
Noranon's ghost hits you!
Press: ? - help, v - describe, . - travel
Here: an ancient zyme A transporter.
Press: ? - help, v - describe, . - travel, g - get item
Here: Noranon's ghost Item here: a scroll of blinking.
The floor.
The ancient zyme barely misses you. The ancient zyme hits you.
The iron imp barely misses you. Noranon's ghost hits you.
You feel ill.
Your gnoll completely misses the ancient zyme.
The iron imp hits you.
Noranon's ghost barely misses your gnoll.
You barely miss the quasit. Your bite misses the quasit.
The quasit is heavily wounded.
The quasit bites you.
You feel clumsy. The quasit claws you.
You feel clumsy. The quasit claws you.
* * * LOW HITPOINT WARNING * * *
The ancient zyme hits you.
* * * LOW HITPOINT WARNING * * *
The ancient zyme hits you.
* * * LOW HITPOINT WARNING * * *
Your gnoll hits the ancient zyme but does no damage.
Space bends around the ancient zyme.
The quasit bites you.
* * * LOW HITPOINT WARNING * * *
The quasit closely misses you. The quasit barely misses you.
Noranon's ghost hits your gnoll!
The crimson imp blinks!
The iron imp hits you!
You die...

#######.##∩####5##.###..#
##.......#.#.# ...###.#..#
........©#)# ..###W...#..#
........##.# !.#####§##..##
.......♣#.#####.#....#....#
.......###..#.##..#.#♣..#.#
....#...##$##..#x#W##...#.#
#####....###..##5xg#©...#.##
#<............#.@#.#....#..#
####.........##55#.###...#.#
.........#####....#. #..)#.#
........##5##..###..###..#.#
####....#xg....#.##.#.#..#.#
........####..#♣..##.##..#.#
....##.....♣###....♣♣#...#.#
....##..........#......#.#.#
....#############.#.####.#.#


You could see an ancient zyme, a small abomination, an iron imp, a quasit (ally
target), Noranon's ghost, a crimson imp and a friendly gnoll (charmed, sick).

Vanquished Creatures
  Jessica (D:2)
  Natasha (twice) (D:2)
  4 adders (D:2)
  2 worms (D:2)
  2 dart slugs
  3 orcs (D:3)
  2 ball pythons
  5 endoplasms
  2 giant cockroaches
  6 goblins
  5 hobgoblins
  2 jackals (D:2)
  5 kobolds
  2 quokkas
  3 bats
  A frilled lizard (D:1)
  8 rats
55 creatures vanquished.

Notes
Turn   | Place    | Note
-------+----------+-------------------------------------------
     0 | D:1      | Nausicaa the Vine Stalker Transmuter began the quest for
                  | the Orb.
     0 | D:1      | Reached XP level 1. HP: 9/9 MP: 4/4
   300 | D:1      | Reached skill level 1 in Fighting
   312 | D:1      | Reached XP level 2. HP: 9/14 MP: 6/6
   988 | D:2      | Reached XP level 3. HP: 15/18 MP: 5/7
   989 | D:2      | Noticed Jessica
   991 | D:2      | Killed Jessica
  1049 | D:2      | Noticed Natasha
  1061 | D:2      | Killed Natasha
  1062 | D:2      | Gained mutation: Your natural rate of healing is unusually
                  | fast. [Vine Stalker growth]
  1062 | D:2      | Reached XP level 4. HP: 10/22 MP: 3/9
  1066 | D:2      | Learned a level 3 spell: Spider Form
  1418 | D:2      | Reached XP level 5. HP: 26/26 MP: 8/10
  1492 | D:2      | Noticed Natasha
  1503 | D:2      | Killed Natasha
  1772 | D:3      | Found a one-way gate to the infinite horrors of the Abyss.
  1772 | D:3      | Noticed Noranon's ghost (amateur GnMo)
  1819 | D:3      | Found a transporter.
  1819 | D:3      | Noticed an ancient zyme
  1821 | D:3      | Found a transporter.
  1828 | D:3      | Noticed a small abomination
  2024 | D:3      | Found a faded altar of an unknown god.
  2314 | D:3      | HP: 1/26 [quasit (1)]
  2314 | D:3      | Slain by an iron imp

Illustrated notes

Levels and vault maps discovered:
D:1:      elethiomel_arrival_fortress_basement, layout_rooms,
          lemuel_old_faithful
D:2:      layout_basic, uniq_natasha, uniq_jessica
D:3:      layout_basic, gammafunk_ghost_abyssal_escape,
          shapermc_ecumenical_altar_starsandcircs, minmay_misc_feat_four_crosses
D:4:      layout_basic, minmay_temple_entry_nine_rooms

Skill      XL: |  1  2  3  4  5 |
---------------+----------------+-----
Fighting       | 1 |  1.9
Dodging        | 2 |  2.2
Transmutations | 3 |  3.6
Spellcasting   | 3 |  3.0
Unarmed Combat | |  3.7

Action                   |  1- 3 |  4- 6 || total
-------------------------+-------+-------++-------
Melee: Unarmed           |    87 |    93 ||   180
       Bite              |    14 |    29 ||    43
       Headbutt          |     2 |     6 ||     8
       Kick              |     2 |     6 ||     8
       Punch             |       |     1 ||     1
 Cast: Beastly Appendage |     2 |     6 ||     8
Evoke: Wand              |       |     1 ||     1
  Use: Scroll            |       |     2 ||     2
 Stab: Sleeping          |     3 |     1 ||     4
Armor: Robe              |     9 |    14 ||    23
Dodge: Dodged            |    36 |    49 ||    85

Table legend: (Time is in decaauts)
 A = Elapsed time spent in this place.
 B = Non-inter-level travel time spent in this place.
 C = Inter-level travel time spent in this place.
 D = Time resting spent in this place.
 E = Time spent auto-exploring this place.
 F = Levels seen in this place.
 G = Mean time per level.
                   A        B        C        D        E       F      G
               +--------+--------+--------+--------+--------+-----+--------+
         Total |   2318 |   2318 |      0 |    448 |    225 |   4 |  579.5 |
       Dungeon |   2318 |   2318 |      0 |    448 |    225 |   4 |  579.5 |
               +--------+--------+--------+--------+--------+-----+--------+

Top non-repeatable levels by time:
     D:1: 863 daAuts
     D:3: 718 daAuts
     D:2: 693 daAuts
     D:4: 42 daAuts
